AoeStats
← Governor1234

Glade

510439216Analyzed
1v1 RM · 2d ago on Oct 1, 2026· 28m 45s· 2 players
Game mode
Random Map
Map size
Tiny (2 player)
Population
200
Speed
Normal
Resources
Standard
Victory
Conquest
Starting age
Dark Age
Ending age
Imperial Age
RankedLock teamsTeams togetherTeam positionsShared explorationLock speedFull tech treeHidden civsTurbo modeCheats
Victory
Defeat
🇦🇷 Slavs · Argentina
237
+18
🇨🇳 Vikings · China
288
-18
sonimog
3:22 Loom
14:33 Feudal Age
16:01 Wheelbarrow
15:15 Double-Bit Axe
15:13 Horse Collar
15:29 Gold Mining
15:30 Stone Mining
18:34 Man-at-Arms
21:55 Forging
21:46 Scale Mail Armor
23:59 Fletching
24:17 Padded Archer Armor
29:46 Castle Age
Governor1234
6:07 Loom
11:18 Feudal Age
11:50 Double-Bit Axe
11:47 Horse Collar
19:30 Gold Mining
23:02 Castle Age
23:09 Forging
23:00 Scale Mail Armor
24:08 Squires
25:31 Stone Mining
25:39 Man-at-Arms
26:38 Pikeman
Connection lost

Rejoining the realm…

Still unreachable

The connection could not be restored.

Session expired

The server has moved on; the page needs a fresh start.